 Dungeon Sprint DCSS version 0.28-a0-297-g99b01970c5 (webtiles) character file.

Game seed: 17795496801843018452

4114 Conn the Eclecticist (level 14, -8/81 HPs)
             Began as an Octopode Fire Elementalist on Aug 29, 2021.
             Was a High Priest of Sif Muna.
             Mangled by a deep troll (19 damage)
             ... in the Dungeon (Sprint VI: "Thunderdome").
             The game lasted 01:02:51 (2388 turns).

Conn the Eclecticist (Octopode Fire Elementalist)   Turns: 2388, Time: 01:02:56

Health: -8/81      AC:  1    Str: 13    XL:     14   Next: 2%
Magic:  10/35      EV: 15    Int: 15    God:    Sif Muna [*****.]
Gold:   838        SH: 10    Dex: 14    Spells: 4/47 levels left

rFire   + + +      SeeInvis +   r - staff of earth
rCold   + . .      Faith    .   w - +2 buckler "Zuaqo" {rC+ Will+}
rNeg    + . .      Spirit   .   (helmet restricted)
rPois   +          Reflect  +   v - amulet "Aniphyut" {Reflect rElec rF+ Int-3 SH+5}
rElec   +          Harm     .   l - ring of Xom's Recklessness {rPois Will+++ rCorr Int-4}
rCorr   +          Rampage  .   m - ring "Igalemeec" {Wiz rF+ Dex-5 Stlth+}
Will    +++++      NoTele   +   p - ring of Sin {Wiz Will++}
Stlth   +++++.....              e - ring "Kotal" {rElec rN+ Dex+6 SInv}
HPRegen 0.23/turn               q - ring of Dotryn {rCorr Str+6}
MPRegen 0.24/turn               t - ring of Reip {+Blink rPois rF+ Will-}
                                (no ring)
                                (no ring)

@: no status effects
A: almost no armour, amphibious, 8 rings, camouflage 1, gelatinous body 1,
(nimble swimmer 1), tentacles
}: 2/15 runes: decaying, gossamer
a: Renounce Religion, Evoke Blink, Channel Magic, Forget Spell, Divine Exegesis


You were in the Dungeon.
You worshipped Sif Muna.
Sif Muna was extremely pleased with you.
You visited 1 branch You collected 3950 gold pieces.
You spent 3112 gold pieces at shops.

Inventory:

Hand Weapons
 o - a +4 quarterstaff of chaos
Armour
 a - the +2 buckler "Ubryumij" {Str+4 Stlth+}
   (You bought it in a shop in the Dungeon)

   Str:       It affects your strength (+4).
   Stlth:     It makes you more stealthy.
 d - the +0 hat of Ibrasal {Harm rF- Slay+3 Stlth+}
   (You bought it in a shop in the Dungeon)

   Slay:      It affects your accuracy & damage with ranged weapons and melee
   (+3).
   rF:        It makes you vulnerable to fire.
   Harm:      It increases damage dealt and taken.
   Stlth:     It makes you more stealthy.
 w - the +2 buckler "Zuaqo" (worn) {rC+ Will+}
   (You bought it in a shop in the Dungeon)

   rC:        It protects you from cold.
   Will:      It increases your willpower.
 x - the +4 kite shield "Puluihecyi" {Harm Regen+ rCorr Int-5}
   (You bought it in a shop in the Dungeon)

   Int:       It affects your intelligence (-5).
   Regen:     It increases your rate of health regeneration.
   rCorr:     It protects you from acid and corrosion.
   Harm:      It increases damage dealt and taken.
Magical Staves
 h - a staff of poison
 r - a staff of earth (weapon)
Jewellery
 e - the ring "Kotal" (on tentacle) {rElec rN+ Dex+6 SInv}
   (You bought it in a shop in the Dungeon)

   [ring of dexterity]

   Dex:       It affects your dexterity (+6).
   rElec:     It insulates you from electricity.
   rN:        It protects you from negative energy.
   SInv:      It lets you see invisible.
 k - the amulet "Pufuilav" {Faith Dex+2 SInv}
   (You bought it in a shop in the Dungeon)

   [amulet of faith]

   It allows you to gain divine favour quickly.
   Dex:       It affects your dexterity (+2).
   SInv:      It lets you see invisible.
 l - the ring of Xom's Recklessness (left tentacle) {rPois Will+++ rCorr Int-4}
   (You bought it in a shop in the Dungeon)

   [ring of poison resistance]

   Int:       It affects your intelligence (-4).
   rPois:     It protects you from poison.
   rCorr:     It protects you from acid and corrosion.
   Will:      It greatly increases your willpower.
 m - the ring "Igalemeec" (right tentacle) {Wiz rF+ Dex-5 Stlth+}
   (You bought it in a shop in the Dungeon)

   [ring of wizardry]

   It improves your spell success rate.
   Dex:       It affects your dexterity (-5).
   rF:        It protects you from fire.
   Stlth:     It makes you more stealthy.
 n - the ring "Zyasobom" {Wiz rF- rC+ Dex+3 SInv}
   (You bought it in a shop in the Dungeon)

   [ring of wizardry]

   It improves your spell success rate.
   Dex:       It affects your dexterity (+3).
   rF:        It makes you vulnerable to fire.
   rC:        It protects you from cold.
   SInv:      It lets you see invisible.
 p - the ring of Sin (on tentacle) {Wiz Will++}
   (You bought it in a shop in the Dungeon)

   [ring of wizardry]

   It improves your spell success rate.
   Will:      It greatly increases your willpower.
 q - the ring of Dotryn (on tentacle) {rCorr Str+6}
   (You bought it in a shop in the Dungeon)

   [ring of strength]

   Str:       It affects your strength (+6).
   rCorr:     It protects you from acid and corrosion.
 s - the ring "Deqosothrisk" {Ice rPois Will+ Dex+4}
   (You bought it in a shop in the Dungeon)

   [ring of ice]

   It enhances your ice magic.
   Dex:       It affects your dexterity (+4).
   rF:        It makes you vulnerable to fire.
   rC:        It protects you from cold.
   rPois:     It protects you from poison.
   Will:      It increases your willpower.
 t - the ring of Reip (on tentacle) {+Blink rPois rF+ Will-}
   (You bought it in a shop in the Dungeon)

   [ring of protection from fire]

   rF:        It protects you from fire.
   rPois:     It protects you from poison.
   +Blink:    It lets you blink.
   Will:      It decreases your willpower.
 u - the ring "Xuffoam" {Ice Fly Dex+3}
   (You bought it in a shop in the Dungeon)

   [ring of ice]

   It enhances your ice magic.
   Dex:       It affects your dexterity (+3).
   rF:        It makes you vulnerable to fire.
   rC:        It protects you from cold.
   Fly:       It grants you flight.
 v - the amulet "Aniphyut" (around mantle) {Reflect rElec rF+ Int-3 SH+5}
   (You bought it in a shop in the Dungeon)

   [amulet of reflection]

   It reflects blocked missile attacks.
   Int:       It affects your intelligence (-3).
   rF:        It protects you from fire.
   rElec:     It insulates you from electricity.
   SH:        It affects your SH (+5).
Scrolls
 f - 6 scrolls of blinking
 i - 3 scrolls of fog
Potions
 b - 4 potions of heal wounds
 c - 5 potions of haste
 g - a potion of attraction {unknown}
 j - a potion of resistance


   Skills:
 + Level 2.5 Fighting
 + Level 4.2 Staves
 + Level 6.8 Dodging
 + Level 7.0 Stealth
 - Level 0.3 Unarmed Combat
 + Level 17.0 Spellcasting
 * Level 14.6 Conjurations
 - Level 5.0 Hexes
 + Level 7.5 Summonings
 - Level 3.5 Translocations
 + Level 16.1 Fire Magic
 - Level 9.5 Air Magic
 + Level 4.7 Earth Magic
 + Level 1.7 Poison Magic
 + Level 7.5 Invocations
 + Level 4.0 Evocations


You had 4 spell levels left.
You knew the following spells:

 Your Spells              Type           Power      Damage    Failure   Level
a - Foxfire               Conj/Fire      100%       2x1d9     0%          1
b - Conjure Flame         Conj/Fire      56%        6-21      1%          3
c - Inner Flame           Hex/Fire       44%        N/A       1%          3
d - Sticky Flame          Conj/Fire      56%        2d7       1%          4
e - Fireball              Conj/Fire      28%        3d12      1%          5
f - Blink                 Tloc           N/A        N/A       1%          2
g - Summon Lightning Spi  Summ/Air       38%        N/A       1%          4
h - Iskenderun's Mystic   Conj/Tloc      40%        2d9       1%          4
i - Stone Arrow           Conj/Erth      100%       3d13      1%          3
j - Summon Guardian Gole  Hex/Summ       31%        N/A       1%          3
k - Mephitic Cloud        Conj/Pois/Air  38%        N/A       1%          3
l - Ignite Poison         Fire/Tmut/Pois 30%        N/A       1%          3
m - Bolt of Magma         Conj/Fire/Erth 32%        4d14      1%          5

Your spell library contained the following spells:

 Spells                   Type           Power      Damage    Failure   Level
 Magic Dart               Conj           100%       1d8       0%          1
 Corona                   Hex            30%        N/A       1%          1
 Summon Small Mammal      Summ           100%       N/A       1%          1
 Corpse Rot               Necr/Air       N/A        N/A       1%          2
 Ensorcelled Hibernation  Hex/Ice        40%        N/A       1%          2
 Poisonous Vapours        Pois/Air       58%        N/A       1%          2
 Searing Ray              Conj           100%       3d7       1%          2
 Static Discharge         Conj/Air       49%        N/A       1%          2
 Call Canine Familiar     Summ           35%        N/A       1%          3
 Lesser Beckoning         Tloc           23%        N/A       1%          3
 Swiftness                Air            41%        N/A       1%          3
 Fulminant Prism          Conj/Hex       21%        3d13      1%          4
 Beastly Appendage        Tmut           24%        N/A       2%          1
 Freeze                   Ice            48%        1d7       2%          1
 Summon Ice Beast         Ice/Summ       24%        N/A       4%          4
 Frozen Ramparts          Ice            24%        1d4       7%          3
 Dispel Undead            Necr           12%        3d9       21%         4
 Lightning Bolt           Conj/Air       24%        1d40      1%          5
 Starburst                Conj/Fire      28%        6d9       1%          6
 Summon Mana Viper        Hex/Summ       31%        N/A       4%          5
 Summon Forest            Summ/Tloc      14%        N/A       6%          5
 Lee's Rapid Deconstruct  Erth           20%        3d13*     9%          5
 Manifold Assault         Tloc           23%        N/A       13%         5
 Spellforged Servitor     Conj/Summ      23%        N/A       17%         7
 Alistair's Intoxication  Tmut/Pois      10%        N/A       36%         5
 Invisibility             Hex            13%        N/A       36%         6
 Monstrous Menagerie      Summ           17%        N/A       56%         7
 Summon Hydra             Summ           17%        N/A       56%         7
 Malign Gateway           Summ/Tloc      14%        N/A       82%         7
 Eringya's Noxious Bog    Tmut/Pois      7%         N/A       88%         6
 Haunt                    Necr/Summ      12%        N/A       96%         7
 Summon Horrible Things   Summ           17%        N/A       99%         8
 Necromutation            Tmut/Necr      6%         N/A       100%        8
 Chain Lightning          Conj/Air       24%        3d32      100%        9
 Death's Door             Necr           6%         N/A       100%        9
 Polar Vortex             Ice            6%         N/A       100%        9


Dungeon Overview and Level Annotations

Branches:
Dungeon (1/1)

Altars:
Cheibriados
Dithmenos
Fedhas
Gozag
Kikubaaqudgha
Makhleb
Okawaru
Qazlal
Ru
Sif Muna
Trog
Uskayaw
Vehumet
Wu Jian
Xom
Yredelemnul
Zin
The Shining One
Beogh
Jiyva
Lugonu

Shops:
D *[??*?*:[((!!!!


Innate Abilities, Weirdness & Mutations

You cannot wear most types of armour.
You are amphibious.
You can wear up to eight rings at the same time.
Your skin changes colour to match your surroundings (Stealth+).
Your rubbery body absorbs attacks. (AC +1, EV +1)
((You are camouflaged near water. (Stealth+)))
You have tentacles for arms and can constrict up to eight enemies at once.


Message History

The fireball explodes!
The fireball engulfs the iron troll but does no damage.
The iron troll is heavily wounded.
The fireball engulfs the iron troll but does no damage.
The iron troll is moderately wounded.
Your lightning spire shoots out a bolt of lightning at the iron troll!
The bolt of electricity misses the iron troll.
Unknown command.
Unknown command.
Unknown command.
Casting: Fireball (safe; 1% risk of failure)
Confirm with . or Enter, or press ? or * to list all spells.
Aiming: Bolt of Magma (mildly dangerous; 1% risk of failure)
Press: ? - help, Shift-Dir - straight line, f/p - iron troll
Aim: an iron troll (moderately wounded, inner flame, ally target, 94% to hit)
You feel a surge of power!
The bolt of magma misses the iron troll.
The bolt of magma hits the iron troll!
The iron troll partially resists.
Flame seeps out of the iron troll.
The iron troll is moderately wounded.
Your lightning spire shoots out a bolt of lightning at the iron troll!
The bolt of electricity hits the iron troll.
Flame seeps out of the iron troll.
A deep troll comes into view.
You fail to use your ability. 50...
You fail to use your ability.
An iron troll comes into view.
The deep troll shouts!
An iron troll comes into view.
The iron troll shouts!
You hear a shout!
A deep troll comes into view.
A troll comes into view.
The iron troll's inner flame fades away.
The deep troll bites you!!
* * * LOW HITPOINT WARNING * * *
The deep troll claws you.
* * * LOW HITPOINT WARNING * * *
The deep troll claws you!!
You die...

_÷.......#
).[......###
.)........⌠#
.........8[######
...###[.T[..___∩##
.8.# #)8[..T....∩###
...###.....).......##
###...###[....[....⌠#
# #.<.# #....T.T@..⌠#
###...###..........⌠#
...###......[......##
.8.# #.8...T....∩###
...###......___∩##
[.[......8.######
..........⌠#
.........###
........_#


You could see 3 iron trolls and a deep troll.

Vanquished Creatures
  An ancient champion (D)
  A revenant (D)
  A ghoul (D)
  A vampire knight (D)
  Josephine (D)
  A wizard (D)
  5 boulder beetles (D)
  An iron troll (D)
  3 sun demons (D)
  A skeletal warrior (D)
  2 deep trolls (D)
  A phantasmal warrior (D)
  14 ugly things (D)
  3 guardian mummies (D)
  2 trolls (D)
  A fire bat (D)
  A wraith (D)
  Grum (D)
  4 hell hounds (D)
  4 orc warriors (D)
  3 necrophages (D)
  5 wolves (D)
  A gnoll sergeant (D)
  Crazy Yiuf (D)
  A hound (D)
  2 gnoll shamans (D)
  An orc wizard (D)
  3 mummies (D)
  6 gnolls (D)
  A bat zombie (D)
  A giant cockroach zombie (D)
74 creatures vanquished.

Vanquished Creatures (collateral kills)
  Arachne (D)
  An ugly thing (D)
  An efreet (D)
  A guardian mummy (D)
4 creatures vanquished.

Vanquished Creatures (others)
  An orc knight (D)
  2 ugly things (D)
  An orc priest (D)
  263 foxfires (D)
267 creatures vanquished.

Grand Total: 345 creatures vanquished

Notes
Turn   | Place    | Note
-------+----------+-------------------------------------------
     0 | D        | Conn the Octopode Fire Elementalist began the quest for the
                  | Orb.
     0 | D        | Reached XP level 1. HP: 11/11 MP: 3/3
     1 | D        | Found a glowing silver altar of Zin.
     1 | D        | Found a shadowy altar of Dithmenos.
     2 | D        | Found a bloodstained altar of Trog.
     2 | D        | Found a sacrificial altar of Ru.
     3 | D        | Found an opulent altar of Gozag.
     3 | D        | Found a radiant altar of Vehumet.
     4 | D        | Found a shimmering blue altar of Sif Muna.
     4 | D        | Found a burning altar of Makhleb.
     4 | D        | Found Ronuynt's Identification Station.
     5 | D        | Found Gekiv's Jewellery.
     5 | D        | Found Jiofez's Advanced Armour.
     5 | D        | Round 1.
    11 | D        | Became a worshipper of Sif Muna the Loreminder
    17 | D        | Noticed a necrophage
    31 | D        | Killed a necrophage
    32 | D        | Reached skill level 3 in Spellcasting
    32 | D        | Reached XP level 2. HP: 13/17 MP: 0/6
    32 | D        | Reached XP level 3. HP: 17/21 MP: 0/8
    32 | D        | Reached XP level 4. HP: 21/27 MP: 0/9
    35 | D        | Bought an ancient steel amulet for 45 gold pieces
    35 | D        | Identified the amulet "Pufuilav" {Faith Dex+2 SInv} (You
                  | bought it in a shop in the Dungeon)
    35 | D        | Bought an ancient granite ring for 45 gold pieces
    35 | D        | Identified the ring of Xom's Recklessness {rPois Will+++
                  | rCorr Int-4} (You bought it in a shop in the Dungeon)
    35 | D        | Bought a brightly glowing pewter ring for 45 gold pieces
    35 | D        | Identified the ring "Igalemeec" {Wiz rF+ Dex-5 Stlth+} (You
                  | bought it in a shop in the Dungeon)
    35 | D        | Bought a clouded amber ring for 45 gold pieces
    35 | D        | Identified the ring "Zyasobom" {Wiz rF- rC+ Dex+3 SInv}
                  | (You bought it in a shop in the Dungeon)
    49 | D        | Found Riss's Magic Scroll Shop.
    50 | D        | Found Ajeon's Magic Scroll Shop.
    50 | D        | Found Ikaelec's Must-Have Magic.
    51 | D        | Found an ornate altar of the Wu Jian Council.
    51 | D        | Found an iron altar of Okawaru.
    51 | D        | Found Igaraq's Staff Store.
    55 | D        | Found a blossoming altar of Fedhas.
    56 | D        | Found a viscous altar of Jiyva.
    57 | D        | Found a glowing golden altar of the Shining One.
    58 | D        | Found Ytudely's Distillery.
    59 | D        | Found Edonuir's Distillery.
    59 | D        | Found Cippuw's Bottled Wisdom.
    60 | D        | Found a stormy altar of Qazlal.
    60 | D        | Found an ancient bone altar of Kikubaaqudgha.
    60 | D        | Found a hide-covered altar of Uskayaw.
    60 | D        | Found Meqikk's Do-It-Yourself Clinic.
    61 | D        | Noticed a necrophage
    70 | D        | Killed a necrophage
    70 | D        | Reached * piety under Sif Muna
    71 | D        | Reached skill level 5 in Stealth
    71 | D        | Reached skill level 4 in Spellcasting
    71 | D        | Reached skill level 1 in Evocations
    71 | D        | Reached XP level 5. HP: 24/31 MP: 1/12
    76 | D        | Found a basalt altar of Yredelemnul.
    78 | D        | Found a shimmering altar of Xom.
    79 | D        | Found Ipit's Weapon Rack.
    80 | D        | Found Wirphue's Basic Armour.
    80 | D        | Found Hixun's Miscellaneous Merchandise.
    81 | D        | Found a corrupted altar of Lugonu.
    81 | D        | Found a snail-covered altar of Cheibriados.
    81 | D        | Found Zoxkalax's Premium Goods.
   115 | D        | Noticed a necrophage
   120 | D        | Killed a necrophage
   120 | D        | Reached ** piety under Sif Muna
   120 | D        | Arena points: 12 (+12) [x2]
   121 | D        | Reached skill level 5 in Spellcasting
   121 | D        | Reached XP level 6. HP: 34/36 MP: 0/14
   163 | D        | Round 2.
   171 | D        | Noticed Crazy Yiuf
   177 | D        | Killed Crazy Yiuf
   177 | D        | Reached *** piety under Sif Muna
   178 | D        | Reached skill level 6 in Spellcasting
   257 | D        | Arena points: 54 (+42) [x3]
   258 | D        | Reached skill level 5 in Dodging
   258 | D        | Reached skill level 10 in Fire Magic
   278 | D        | Learned a level 3 spell: Conjure Flame
   282 | D        | Learned a level 3 spell: Inner Flame
   287 | D        | Learned a level 4 spell: Sticky Flame
   293 | D        | Learned a level 5 spell: Fireball
   308 | D        | Round 3.
   323 | D        | Reached **** piety under Sif Muna
   376 | D        | Noticed Grum
   385 | D        | Killed Grum
   386 | D        | Reached skill level 7 in Spellcasting
   386 | D        | Reached XP level 7. HP: 41/41 MP: 9/17
   457 | D        | Reached ***** piety under Sif Muna
   458 | D        | Reached skill level 1 in Staves
   458 | D        | Reached XP level 8. HP: 39/47 MP: 15/19
   474 | D        | Arena points: 138 (+84) [x4]
   475 | D        | Reached skill level 5 in Invocations
   486 | D        | Bought a scorched pewter ring for 45 gold pieces
   486 | D        | Identified the ring "Kotal" {rElec rN+ Dex+6 SInv} (You
                  | bought it in a shop in the Dungeon)
   486 | D        | Bought a scorched iron ring for 45 gold pieces
   486 | D        | Identified the ring of Sin {Wiz Will++} (You bought it in a
                  | shop in the Dungeon)
   486 | D        | Bought a vibrating copper ring for 45 gold pieces
   486 | D        | Identified the ring of Dotryn {rCorr Str+6} (You bought it
                  | in a shop in the Dungeon)
   498 | D        | Round 4.
   511 | D        | Received a gift from Sif Muna
   512 | D        | Reached skill level 8 in Spellcasting
   512 | D        | Reached skill level 5 in Conjurations
   512 | D        | Got Ejaful's Papyrus of Supportive Black Rituals {god gift}
   558 | D        | Bought a potion of heal wounds for 35 gold pieces
   609 | D        | Reached skill level 1 in Fighting
   614 | D        | Arena points: 298 (+160) [x5]
   634 | D        | Bought a book of Spatial Translocations for 182 gold pieces
   637 | D        | Learned a level 2 spell: Blink
   664 | D        | Round 5.
   673 | D        | Noticed a witch
   674 | D        | Noticed a seven-headed hydra
   691 | D        | Noticed a four-headed hydra
   693 | D        | Killed a witch
   693 | D        | Arena points: 543 (+245) [x7]
   694 | D        | Reached skill level 9 in Spellcasting
   694 | D        | Reached skill level 1 in Hexes
   694 | D        | Reached XP level 9. HP: 33/54 MP: 7/22
   694 | D        | Got a decaying rune of Zot
   745 | D        | Reached XP level 10. HP: 47/60 MP: 16/23
   830 | D        | Learned a level 4 spell: Summon Lightning Spire
   835 | D        | Bought a pitted steel ring for 45 gold pieces
   835 | D        | Identified the ring "Deqosothrisk" {Ice rPois Will+ Dex+4}
                  | (You bought it in a shop in the Dungeon)
   835 | D        | Bought a scintillating jade ring for 45 gold pieces
   835 | D        | Identified the ring of Reip {+Blink rPois rF+ Will-} (You
                  | bought it in a shop in the Dungeon)
   895 | D        | Bought a book of Blasting for 224 gold pieces
   899 | D        | Round 6.
   900 | D        | Learned a level 4 spell: Iskenderun's Mystic Blast
   923 | D        | Reached skill level 1 in Air Magic
   933 | D        | Received a gift from Sif Muna
   955 | D        | Reached skill level 10 in Spellcasting
   966 | D        | Got Sif Muna's Disquisition on Battle Magic and
                  | Transformation {god gift}
   971 | D        | Learned a level 3 spell: Stone Arrow
  1005 | D        | Noticed a mummy priest
  1009 | D        | Noticed an orange demon
  1014 | D        | Arena points: 591 (+48) [x1]
  1029 | D        | Round 7.
  1042 | D        | HP: 3/60 [efreet/bolt of fire (15)]
  1042 | D        | Received a gift from Sif Muna
  1055 | D        | Bought a heavily runed marble ring for 45 gold pieces
  1055 | D        | Identified the ring "Xuffoam" {Ice Fly Dex+3} (You bought
                  | it in a shop in the Dungeon)
  1073 | D        | Noticed a sun demon
  1094 | D        | Killed a sun demon
  1153 | D        | Noticed a sun demon
  1157 | D        | Noticed a sun demon
  1182 | D        | Killed a sun demon
  1182 | D        | Received a gift from Sif Muna
  1183 | D        | Reached skill level 11 in Spellcasting
  1183 | D        | Reached skill level 5 in Air Magic
  1185 | D        | Killed a sun demon
  1185 | D        | Arena points: 703 (+112) [x2]
  1186 | D        | Reached skill level 5 in Summonings
  1186 | D        | Reached XP level 11. HP: 11/64 MP: 4/26
  1201 | D        | Learned a level 3 spell: Summon Guardian Golem
  1227 | D        | Round 8.
  1259 | D        | Noticed an orc knight
  1284 | D        | Killed an orc knight
  1288 | D        | Reached ****** piety under Sif Muna
  1288 | D        | Received a gift from Sif Muna
  1289 | D        | Got Ireog's Collected Works on Creative Venom {god gift}
  1324 | D        | Arena points: 895 (+192) [x3]
  1370 | D        | Bought a buzzing hat for 315 gold pieces
  1370 | D        | Identified the +0 hat of Ibrasal {Harm rF- Slay+3 Stlth+}
                  | (You bought it in a shop in the Dungeon)
  1382 | D        | Round 9.
  1405 | D        | Noticed a brown ugly thing
  1405 | D        | Noticed a white ugly thing
  1414 | D        | Noticed a white ugly thing
  1424 | D        | Killed a white ugly thing
  1425 | D        | Reached skill level 12 in Spellcasting
  1440 | D        | Killed a white ugly thing
  1445 | D        | Killed a white ugly thing
  1446 | D        | Reached skill level 10 in Conjurations
  1467 | D        | Noticed a purple ugly thing
  1476 | D        | Killed a purple ugly thing
  1489 | D        | Noticed a red ugly thing
  1491 | D        | Noticed a green ugly thing
  1503 | D        | Killed a green ugly thing
  1503 | D        | Received a gift from Sif Muna
  1504 | D        | Reached skill level 13 in Spellcasting
  1504 | D        | Killed a green ugly thing
  1509 | D        | Noticed a brown ugly thing
  1518 | D        | Killed a brown ugly thing
  1524 | D        | Got Sif Muna's Catalogue of Venom and Summoning {god gift}
  1529 | D        | Learned a level 3 spell: Mephitic Cloud
  1535 | D        | Noticed a cyan ugly thing
  1543 | D        | Killed a cyan ugly thing
  1543 | D        | Arena points: 1219 (+324) [x4]
  1584 | D        | Bought 3 potions of heal wounds for 105 gold pieces
  1591 | D        | Bought 4 potions of haste for 280 gold pieces
  1601 | D        | Round 10.
  1602 | D        | Noticed Arachne
  1616 | D        | Killed Arachne
  1616 | D        | Arena points: 1759 (+540) [x6]
  1617 | D        | Reached skill level 14 in Spellcasting
  1617 | D        | Reached skill level 5 in Hexes
  1617 | D        | Reached XP level 12. HP: 35/70 MP: 1/30
  1635 | D        | Got the Tome of the Frostbite and Envenoming
  1635 | D        | Got a gossamer rune of Zot
  1662 | D        | Bought 5 scrolls of blinking for 375 gold pieces
  1686 | D        | Bought 3 potions of heal wounds for 105 gold pieces
  1797 | D        | Learned a level 3 spell: Ignite Poison
  1820 | D        | Round 11.
  1821 | D        | Bought a warped ruby amulet for 45 gold pieces
  1821 | D        | Identified the amulet "Aniphyut" {Reflect rElec rF+ Int-3
                  | SH+5} (You bought it in a shop in the Dungeon)
  1898 | D        | Noticed a revenant
  1907 | D        | Killed a revenant
  1910 | D        | Noticed Josephine
  1911 | D        | Reached XP level 13. HP: 67/75 MP: 12/31
  1919 | D        | Killed Josephine
  1934 | D        | Noticed an ancient champion
  1941 | D        | Noticed a ghoul
  1945 | D        | Killed an ancient champion
  1966 | D        | Killed a ghoul
  1966 | D        | Received a gift from Sif Muna
  1967 | D        | Reached skill level 15 in Spellcasting
  1967 | D        | Reached skill level 15 in Fire Magic
  1967 | D        | Got Sif Muna's Papyrus of Sinister Malediction {god gift}
  1987 | D        | Noticed a vampire knight
  1999 | D        | Killed a vampire knight
  1999 | D        | Arena points: 2452 (+693) [x7]
  2013 | D        | Bought a shimmering buckler for 332 gold pieces
  2013 | D        | Identified the +2 buckler "Ubryumij" {Str+4 Stlth+} (You
                  | bought it in a shop in the Dungeon)
  2022 | D        | Round 12.
  2125 | D        | Received a gift from Sif Muna
  2126 | D        | Got Sif Muna's Catalogue of Confrontation and Lightness
                  | {god gift}
  2135 | D        | Learned a level 5 spell: Bolt of Magma
  2155 | D        | Reached skill level 16 in Spellcasting
  2165 | D        | Arena points: 3412 (+960) [x8]
  2183 | D        | Bought a warped buckler for 332 gold pieces
  2183 | D        | Identified the +2 buckler "Zuaqo" {rC+ Will+} (You bought
                  | it in a shop in the Dungeon)
  2213 | D        | Round 13.
  2276 | D        | Reached skill level 1 in Poison Magic
  2276 | D        | Arena points: 4114 (+702) [x9]
  2291 | D        | Bought an encrusted kite shield for 332 gold pieces
  2291 | D        | Identified the +4 kite shield "Puluihecyi" {Harm Regen+
                  | rCorr Int-5} (You bought it in a shop in the Dungeon)
  2291 | D        | Round 14.
  2337 | D        | Received a gift from Sif Muna
  2338 | D        | Reached XP level 14. HP: 72/81 MP: 11/34
  2358 | D        | Reached skill level 17 in Spellcasting
  2388 | D        | Mangled by a deep troll

Illustrated notes

Levels and vault maps discovered:
D:        arena_sprint

Skill      XL: |  1  2  3  4  5  6  7  8  9 10 11 12 13 14 |
---------------+-------------------------------------------+-----
Dodging        | 3 4 5 6 |  6.8
Stealth        | 4 5 6 7 |  7.0
Spellcasting   | 3 4 5 7 9 11 14 16 17 | 17.0
Fire Magic     | 6 8 9 10 11 12 13 14 16 | 16.1
Conjurations   | 2 3 4 6 7 9 10 12 14 | 14.6
Evocations     | 1 2 3 4 |  4.0
Invocations    | 3 4 5 7 |  7.5
Staves         | 1 3 4 |  4.2
Fighting       | 2 |  2.5
Hexes          | 1 3 5 |  5.0
Translocations | 3 |  3.5
Summonings     | 3 5 6 7 |  7.5
Earth Magic    | 3 4 |  4.7
Air Magic      | 5 9 |  9.5
Poison Magic   | 1 |  1.7
Unarmed Combat | |  0.3

Action                   |  1- 3 |  4- 6 |  7- 9 | 10-12 | 13-15 || total
-------------------------+-------+-------+-------+-------+-------++-------
Melee: Unarmed           |     3 |     5 |       |       |       ||     8
       Tentacles         |     1 |     3 |     1 |       |     1 ||     6
       Constrict         |     1 |     2 |     3 |     1 |     1 ||     8
       Quarterstaff      |       |     1 |    13 |     1 |       ||    15
       Staff             |       |       |       |       |     2 ||     2
 Cast: Foxfire           |     2 |    32 |    38 |    48 |    29 ||   149
       Inner Flame       |       |     1 |     5 |    21 |    31 ||    58
       Sticky Flame      |       |     1 |     1 |     3 |     6 ||    11
       Fireball          |       |       |     2 |    12 |    17 ||    31
       Iskenderun's Myst |       |       |       |    22 |    13 ||    35
       Blink             |       |       |       |    13 |    16 ||    29
       Stone Arrow       |       |       |       |    10 |     1 ||    11
       Summon Lightning  |       |       |       |    10 |     6 ||    16
       Summon Guardian G |       |       |       |     6 |     8 ||    14
       Mephitic Cloud    |       |       |       |       |     8 ||     8
       Bolt of Magma     |       |       |       |       |     3 ||     3
Invok: Channel Magic     |       |       |       |     9 |    12 ||    21
Evoke: Wand              |     2 |       |     2 |     6 |       ||    10
  Use: Potion            |       |       |     5 |     9 |     2 ||    16
       Scroll            |       |       |       |       |     3 ||     3
Dodge: Dodged            |     1 |     3 |    21 |    15 |     9 ||    49
Block: Other             |       |       |       |     1 |       ||     1
       Buckler           |       |       |       |       |     9 ||     9

Table legend: (Time is in decaauts)
 A = Elapsed time spent in this place.
 B = Non-inter-level travel time spent in this place.
 C = Inter-level travel time spent in this place.
 D = Time resting spent in this place.
 E = Time spent auto-exploring this place.
 F = Levels seen in this place.
 G = Mean time per level.
                   A        B        C        D        E       F      G
               +--------+--------+--------+--------+--------+-----+--------+
         Total |   2352 |   2336 |     16 |      7 |    113 |   1 | 2352.0 |
       Dungeon |   2352 |   2336 |     16 |      7 |    113 |   1 | 2352.0 |
               +--------+--------+--------+--------+--------+-----+--------+

Top non-repeatable levels by time:
       D: 2352 daAuts
